 Dungeon Crawl Stone Soup version 0.16-a0-3171-gce70061 (webtiles) character file.

64 Ololoev the Slasher (level 3, -5/29 HPs)
             Began as a Mummy Chaos Knight on Dec 16, 2014.
             Was a Plaything of Xom.
             Slain by a gnoll
             ... wielding a +2 spear of piercing
              (8 damage)
             ... on level 2 of the Dungeon.
             The game lasted 00:01:52 (2917 turns).

Ololoev the Slasher (Mummy Chaos Knight)            Turns: 2917, Time: 00:01:52

Health: -5/29      AC:  5    Str: 16    XL:     3   Next: 91%
Magic:  3/3        EV: 11    Int: 11    God:    Xom [*.....]
Gold:   55         SH:  0    Dex: 11    Spells: 0 memorised, 2 levels left

rFire  x . .     SeeInvis .     a - +0 falchion (chaos)
rCold  + . .     Clarity  .     b - +2 leather armour
rNeg   + + +     SustAb   .     (no shield)
rPois  ∞         Gourm    .     (no helmet)
rElec  .         Spirit   .     (no cloak)
rCorr  .         Warding  .     (no gloves)
rMut   .         Stasis   .     (no boots)
MR     .....                    (no amulet)
Stlth  +.........               (no ring)
                                (no ring)

@: not resistant to hostile enchantments, very unstealthy
A: no food or potions, fire vulnerability, restore body, cold resistance 1,
negative energy resistance 3, poison resistance, torment resistance, unbreathing
a: Renounce Religion


You were on level 2 of the Dungeon.
You worshipped Xom.
You were a special plaything of Xom.
You were not hungry.

You visited 1 branch of the dungeon, and saw 2 of its levels.

You collected 55 gold pieces.

Notes
Turn   | Place    | Note
--------------------------------------------------------------
     0 | D:1      | Ololoev, the Mummy Chaos Knight, began the quest for the Orb.
     0 | D:1      | Reached XP level 1. HP: 18/18 MP: 1/1
    21 | D:1      | XOM: divination: detect creatures
   331 | D:1      | XOM: smoke on damage
   415 | D:1      | XOM: divination: detect creatures
   654 | D:1      | Reached XP level 2. HP: 20/24 MP: 2/2
  1231 | D:1      | XOM is BORED!
  1231 | D:1      | XOM: harmless Ice miscast
  1281 | D:1      | XOM: silly message
  1476 | D:1      | XOM: divination: detect creatures
  1862 | D:1      | XOM is BORED!
  1862 | D:1      | XOM: noise
  2261 | D:1      | XOM: enchant monster (good)
  2331 | D:2      | Reached XP level 3. HP: 21/29 MP: 3/3
  2374 | D:2      | XOM: 2-stop teleportation journey
  2539 | D:2      | XOM: colour smoke trail
  2627 | D:2      | XOM is BORED!
  2627 | D:2      | XOM: medium Conj miscast
  2829 | D:2      | XOM: noise
  2917 | D:2      | Slain by a gnoll

Inventory:

Hand weapons
 a - a +0 falchion of chaos (weapon)
Armour
 b - a +2 leather armour (worn)
Scrolls
 c - 2 scrolls of identify {unknown}
 d - a scroll of teleportation {unknown}

Table legend:
 A = Turns spent in this place as a percentage of turns spent in the entire game.
 B = Non-inter-level travel turns spent in this place as a percentage of non-inter-level travel turns spent in the entire game.
 C = Inter-level travel turns spent in this place as a percentage of turns spent in this place.
 D = Turns resting spent in this place as a percentage of non-inter-level travel turns spent in this place.
 E = Turns spent auto-exploring this place as a percentage of non-inter-level travel turns spent in this place.
 F = Non-inter-level travel turns spent in this place divided by the number of levels of this place that you've seen.
                   A       B       C       D       E      F
               +-------+-------+-------+-------+-------+----------------------
         Total | 100.0 | 100.0 |   0.4 |  11.2 |   6.5 | 263.0
       Dungeon | 100.0 | 100.0 |   0.4 |  11.2 |   6.5 | 263.0
               +-------+-------+-------+-------+-------+----------------------


   Skills:
 - Level 3.0 Fighting
 * Level 3.4 Long Blades
 + Level 2.4 Armour
 - Level 0.7 Dodging


You had 2 spell levels left.
You didn't know any spells.

Dungeon Overview and Level Annotations

Branches:
Dungeon (2/15)

Altars:


Innate Abilities, Weirdness & Mutations

You do not eat or drink.
Your flesh is vulnerable to fire.
Your flesh is cold resistant.
You are immune to negative energy.
Your system is resistant to poisons.
You are immune to unholy pain and torment.
You can survive without breathing.


Message History

You are too injured to fight recklessly!
You are too injured to fight recklessly!
You are too injured to fight recklessly!
You are too injured to fight recklessly!
You are too injured to fight recklessly!
You are too injured to fight recklessly!
You are too injured to fight recklessly!
You are too injured to fight recklessly!
You are too injured to fight recklessly!
You are too injured to fight recklessly!
You are too injured to fight recklessly!
You are too injured to fight recklessly!
You are too injured to fight recklessly!
You are too injured to fight recklessly!
You are too injured to fight recklessly!
You are too injured to fight recklessly!
You are too injured to fight recklessly!
You are too injured to fight recklessly!
You are too injured to fight recklessly!
You are too injured to fight recklessly!
You are too injured to fight recklessly!
You are too injured to fight recklessly!
You are too injured to fight recklessly!
You are too injured to fight recklessly!
The gnoll shouts!
The gnoll misses you.
The gnoll hits you with a spear of piercing.
Things that are here:
a flail; a gnoll corpse You barely miss the gnoll.
The gnoll hits you with a spear of piercing.
The gnoll closely misses you.
You hit the gnoll.
The gnoll is poisoned.
The gnoll is moderately wounded.
The gnoll barely misses you.
The gnoll hits you from afar with a spear.
You hit the gnoll but do no damage.
The gnoll is moderately wounded.
The gnoll hits you with a spear of piercing!
You die...

#########
#.......#
### #
#.#####.#
#..
#g###.#
#.# #.#
#.g@..#
#.######.#
#######
#........#
##########


You could see 2 gnolls.

Table legend:
 A = Kills in this place as a percentage of kills in entire the game.
 B = Kills by you in this place as a percentage of kills by you in the entire game.
 C = Kills by friends in this place as a percentage of kills by friends in the entire game.
 D = Other kills in this place as a percentage of other kills in the entire game.
 E = Experience gained in this place as a percentage of experience gained in the entire game.
 F = Experience gained in this place divided by the number of levels of this place that you have seen.
                   A       B       C       D       E      F
               +-------+-------+-------+-------+-------+----------------------
         Total | 100.0 | 100.0 |  -nan |  -nan | 100.0 |  46.0
       Dungeon | 100.0 | 100.0 |  -nan |  -nan | 100.0 |  46.0
               +-------+-------+-------+-------+-------+----------------------

Vanquished Creatures
  2 gnolls (D:2)
  An adder (D:2)
  2 worms (D:2)
  2 giant geckos (D:1)
  3 bats
  2 hobgoblins (D:1)
  3 giant newts (D:1)
  3 goblins
  6 kobolds
  A rat (D:1)
25 creatures vanquished.

Action                   || total
-------------------------++-------
Melee: Falchion          ||    99

Vault maps used:
D:1:      roderic_crop_circles_arrival_small
D:2:      uniq_sigmund
